 Dungeon Crawl Stone Soup version 0.24-a0-516-g9de272bb65 (webtiles) character file.

Game seed: 6385502970830638549

58 Lavandula the Grasshopper (level 3, -12/16 HPs)
             Began as a Felid Warper on July 21, 2019.
             Mangled by an orc warrior
             ... wielding a +0 trident
              (16 damage)
             ... on level 5 of the Dungeon.
             The game lasted 00:02:41 (1384 turns).

Lavandula the Grasshopper (Felid Warper)            Turns: 1384, Time: 00:02:41

Health: -12/16     AC:  1    Str:  8    XL:     3   Next: 76%
Magic:  0/7        EV: 24    Int: 14    God:
Gold:   70         SH:  0    Dex: 20    Spells: 2/6 levels left
                                        Lives:  0   Deaths: 0

rFire    . . .     SeeInvis +     - Unarmed
rCold    . . .     Gourm    .   (shield unavailable)
rNeg     . . .     Faith    .   (armour unavailable)
rPois    .         Spirit   .   (helmet unavailable)
rElec    .         Reflect  .   (cloak unavailable)
rCorr    .         Harm     .   (gloves unavailable)
MR       .....                  (boots unavailable)
Stlth    +++.......             (no amulet)
HPRegen  0.05/turn              (no ring)
MPRegen  0.10/turn              (no ring)

@: agile, shrouded (expiring), very slightly contaminated, quick
A: very small, no armour, no weapons or thrown items, stealth, claws 1, fangs 3,
see invisible, carnivore, speed 1, shaggy fur 1, slow metabolism 1, sharp paws
a: no special abilities


You were on level 5 of the Dungeon.
You were completely stuffed.

You visited 1 branch of the dungeon, and saw 4 of its levels.

You collected 70 gold pieces.

Inventory:

Scrolls
 a - 2 scrolls of remove curse {unknown}
 b - a scroll of blinking
 d - a scroll of immolation {unknown}
 e - a scroll of identify {unknown}
Comestibles
 c - 3 rations


   Skills:
 - Level 2.0 Fighting
 - Level 3.2 Dodging
 + Level 4.2 Unarmed Combat
 - Level 2.0 Spellcasting
 - Level 4.4 Translocations


You had 2 spell levels left.
You knew the following spells:

 Your Spells              Type           Power        Failure   Level  Hunger
a - Blink                 Tloc           N/A          6%          2    ###....
b - Shroud of Golubria    Chrm/Tloc      #.....       14%         2    ###....

Your spell library contained the following spells:

 Spells                   Type           Power        Failure   Level  Hunger
 Gell's Gravitas          Tloc           ##........   12%         3    ####...
 Lesser Beckoning         Tloc           ##........   12%         3    ####...
 Teleport Other           Tloc           ##......     12%         3    ####...
 Passage of Golubria      Tloc           N/A          36%         4    #####..


Dungeon Overview and Level Annotations

Branches:
Dungeon (5/15)
 Temple: D:4-7

Altars:
Elyvilon

Shops:
D:5 *

Annotations:
D:2 Robin
D:5 exclusion: centaur


Innate Abilities, Weirdness & Mutations

You cannot wear armour.
You are incapable of wielding weapons or throwing items.
Your paws allow you to move quietly. (Stealth)
You have sharp claws.
You have razor-sharp teeth.
You have supernaturally acute eyesight. (SInv)
You are carnivorous and can eat meat at any time.
You cover ground quickly.
You are covered in fur. (AC +1)
You have a slow metabolism.
Your sharp claws are effective at attacking unaware monsters.


Message History

Unknown command.
You scratch the orc wizard.
The orc wizard is almost dead.
Your shroud begins to fray at the edges.
The orc wizard casts a spell.
The orc wizard blinks!
The orc wizard completely misses you.
Unknown command.
You scratch the orc wizard.
You kill the orc wizard!
Your Unarmed Combat skill increases to level 4!
You have reached level 3!
Your experience leads to an increase in your attributes!
Your base attributes are Str 7, Int 14, Dex 15.
Increase (S)trength, (I)ntelligence, or (D)exterity?
You feel stronger.
You claw the orc!
You kill the orc!
The orc warrior hits you from afar with a +0 trident!
Ouch! That really hurt!
You die...

. #........#
#. #......#.#
#.##....#.#
#..#O####[#
#....# #.####
#..O.# #....#
##...# ####.#
#..## ####.#
..>. #.@..#
###.# #)####
#.# #o#
#...§oo....#
#..#.....#.#
# .......o.
#.#.⌠o⌠.#..
...........##
###.#....?#.#


You could see an orc warrior, an orc wizard and 2 orcs.

Vanquished Creatures
  An orc wizard (D:5)
  3 dart slugs
  An orc (D:5)
  2 goblins (D:1)
  2 hobgoblins (D:1)
  4 kobolds
  4 bats (D:1)
  3 frilled lizards (D:1)
  3 rats (D:1)
23 creatures vanquished.

Notes
Turn   | Place    | Note
-------+----------+-------------------------------------------
     0 | D:1      | Lavandula the Felid Warper began the quest for the Orb.
     0 | D:1      | Reached XP level 1. HP: 9/9 MP: 4/4
   206 | D:1      | Reached XP level 2. HP: 9/13 MP: 6/6
   930 | D:2      | Noticed Robin
  1323 | D:2      | Learned a level 2 spell: Blink
  1326 | D:2      | Learned a level 2 spell: Shroud of Golubria
  1334 | D:2      | Noticed a phantom
  1347 | D:3      | You fall into a shaft and drop 2 floors!
  1347 | D:5      | Entered Level 5 of the Dungeon
  1347 | D:5      | Found Nirifiow's General Store.
  1348 | D:5      | Noticed a centaur
  1350 | D:5      | Noticed an ogre
  1370 | D:5      | Found a white marble altar of Elyvilon.
  1375 | D:5      | Noticed an orc warrior
  1382 | D:5      | Reached XP level 3. HP: 4/16 MP: 0/7
  1384 | D:5      | Mangled by an orc warrior

Levels and vault maps discovered:
D:1:      eino_arrival_cavern_d, layout_basic
D:2:      layout_loops_corners, marbit_many_paths, corexii_corridor_pit,
          uniq_robin
D:3:      layout_rooms, lemuel_doored_altar, overflow_temple_1_default,
          first_ration, uniq_terence, uniq_crazy_yiuf_cottage
D:5:      layout_basic, kennysheep_mini, nicolae_gozag_seed_capital,
          nicolae_overflow_hidden_temple, serial_shops, nicolae_shop_crystal,
          elyvilon_altar_5, uniq_ijyb, uniq_menkaure, uniq_prince_ribbit1

Skill      XL: |  1  2 |
---------------+-------+-----
Unarmed Combat | 4 |  4.2
Fighting       | |  2.0
Dodging        | |  3.2
Spellcasting   | |  2.0
Translocations | |  4.4

Action                   || total
-------------------------++-------
Melee: Unarmed           ||    58
       Bite              ||     4
 Cast: Shroud of Golubri ||     2
  Use: Potion            ||     1
 Stab: Sleeping          ||     2
  Eat: Chunk             ||     8
Armor: Skin              ||     1
Dodge: Dodged            ||    39

Table legend:
 A = Non-vault XP
 B = Vault XP
 C = Vault XP percentage of total XP
 D = Non-vault monster count
 E = Vault monster count
 F = Vault count percentage of total count
                 A         B        C        D         E       F
            +---------+---------+-------+---------+---------+-------
      Total |      82 |       2 |   2.4 |      22 |       1 |   4.3
            +---------+---------+-------+---------+---------+-------
        D:1 |      31 |       2 |   6.1 |      18 |       1 |   5.3
        D:2 |       6 |       0 |   0.0 |       2 |       0 |   0.0
        D:5 |      45 |       0 |   0.0 |       2 |       0 |   0.0
            +---------+---------+-------+---------+---------+-------
